 Dungeon Crawl Stone Soup version 0.28.0-45-g0d030f2227 (webtiles) character file.

Game seed: 14589649733595407859

24 Descartes the Grasshopper (level 2, 0/13 HPs)
             Began as a Felid Warper on Apr 7, 2022.
             Slain by a worm (10 damage)
             ... on level 2 of the Dungeon.
             The game lasted 00:00:55 (1535 turns).

Descartes the Grasshopper (Felid Warper)            Turns: 1535, Time: 00:00:55

Health: 0/13       AC:  1    Str:  7    XL:     2   Next: 79%
Magic:  6/6        EV: 18    Int: 14    God:
Gold:   20         SH:  0    Dex: 15    Spells: 5/5 levels left
                                        Lives:  0   Deaths: 0

rFire   . . .      SeeInvis +     - Unarmed
rCold   . . .      Faith    .   (shield unavailable)
rNeg    . . .      Spirit   .   (armour unavailable)
rPois   .          Reflect  .   (helmet unavailable)
rElec   .          Harm     .   (cloak unavailable)
rCorr   .          Rampage  .   (gloves unavailable)
Will    .....                   (boots unavailable)
Stlth   ++........              (no amulet)
HPRegen 0.04/turn               (no ring)
MPRegen 0.10/turn               (no ring)

@: quick
A: very small, claws 1, fangs 3, see invisible, speed 1, shaggy fur 1, stealthy
paws, no weapons or thrown items, no armour, multi-lived
a: no special abilities


You were on level 2 of the Dungeon.
You visited 1 branch of the dungeon, and saw 2 of its levels.

You collected 20 gold pieces.

Inventory:

Scrolls
 a - a scroll of blinking
 b - a scroll of brand weapon {unknown}
 c - a scroll of fear {unknown}
 e - a scroll of magic mapping {unknown}
Potions
 d - 2 potions of attraction {unknown}
 f - a potion of lignification {unknown}


   Skills:
 - Level 2.0 Fighting
 + Level 3.6 Dodging
 + Level 1.6 Stealth
 + Level 2.4 Unarmed Combat
 - Level 2.0 Spellcasting
 + Level 4.8 Translocations


You had 5 spell levels left.
You didn't know any spells.
Your spell library contained the following spells:

 Spells                   Type           Power      Damage    Failure   Level
 Blink                    Tloc           30%        N/A       4%          2
 Gell's Gravitas          Tloc           15%        N/A       10%         3
 Lesser Beckoning         Tloc           15%        N/A       10%         3
 Teleport Other           Tloc           15%        N/A       10%         3
 Manifold Assault         Tloc           15%        N/A       65%         5


Dungeon Overview and Level Annotations

Branches:
Dungeon (2/15)

Altars:


Innate Abilities, Weirdness & Mutations

You have sharp claws.
You have razor-sharp teeth.
You have supernaturally acute eyesight. (SInv)
You cover ground quickly. (Speed+)
You are covered in fur. (AC +1)
Your paws help you pounce on unaware monsters.
You are incapable of wielding weapons or throwing items.
You cannot wear armour.
You gain extra lives every three experience levels.


Message History

A goblin comes into view. It is wielding a +0 club.
The goblin shouts!
The goblin misses you.
You scratch the goblin but do no damage.
The goblin completely misses you.
You scratch the goblin but do no damage.
The goblin barely misses you.
You scratch the goblin.
You kill the goblin!
No target in view!
No target in view!
No target in view!
No target in view!
No target in view!
No target in view!
No target in view!
No target in view!
No target in view!
No target in view!
No target in view!
No target in view!
Things that are here:
a +0 club; a goblin corpse You see here a rat corpse.
There is an open door here.
A worm comes into view.
Found an emerald potion.
A quokka comes into view.
Found a stone staircase leading down.
You barely miss the worm. The worm barely misses you.
You scratch the worm.
The worm is moderately wounded.
The worm bites you.
You scratch the worm. You claw the worm, but do no damage.
The worm is heavily wounded.
You scratch the worm.
The worm is heavily wounded.
The worm bites you!
Ouch! That really hurt!
You die...

......... #.......#
######.. # .......#
#..... . #. #......#
#.##.# ..#+#. +r.....#
#....# .>...!##..... #
###..# ...........##.#
#).# ......w.......#
#..# .......@...####
#..#
###+##........#######..#
##+#...........#.†.
#...........#.##
#...........'.#
#...........###
##...........#
.............#
####..........#


You could see a worm and a quokka.

Vanquished Creatures
  A bat (D:2)
  An endoplasm (D:1)
  4 goblins
  3 hobgoblins (D:1)
  3 jackals (D:1)
  3 ball pythons (D:1)
  A frilled lizard (D:1)
  4 kobolds (D:1)
  2 rats
22 creatures vanquished.

Notes
Turn   | Place    | Note
-------+----------+-------------------------------------------
     0 | D:1      | Descartes the Felid Warper began the quest for the Orb.
     0 | D:1      | Reached XP level 1. HP: 9/9 MP: 4/4
   307 | D:1      | Reached skill level 1 in Stealth
   485 | D:1      | Reached XP level 2. HP: 13/13 MP: 6/6
  1535 | D:2      | Slain by a worm

Illustrated notes

Levels and vault maps discovered:
D:1:      minmay_arrival_four_circles, layout_loops_corners, lemuel_old_faithful
D:2:      layout_basic

Skill      XL: |  1 |
---------------+----+-----
Stealth        | 1 |  1.6
Fighting       | |  2.0
Dodging        | |  3.6
Unarmed Combat | |  2.4
Spellcasting   | |  2.0
Translocations | |  4.8

Action                   || total
-------------------------++-------
Melee: Unarmed           ||    63
       Bite              ||     7
       Punch             ||     2
 Stab: Sleeping          ||     2
Armor: Skin              ||     1
Dodge: Dodged            ||    46
